 Dungeon Crawl Stone Soup version 0.31-a0-716-gc7603755dd (console) character file.

Game seed: 12558190399615061283

1763 petzl the Sneak (level 9, -11/68 HPs)
             Began as a Formicid Delver on Sept 10, 2023.
             Mangled by a troll (12 damage)
             ... on level 5 of the Dungeon.
             The game lasted 00:39:12 (6583 turns).

petzl the Sneak (Formicid Delver)                   Turns: 6583, Time: 00:39:13

Health: -11/68     AC:  8    Str: 17    XL:     9   Next: 27%
Magic:  10/17      EV: 11    Int: 14    God:
Gold:   204        SH:  0    Dex: 15    Spells: 2/18 levels left

rFire   . . .        b - +0 quarterstaff (spect)
rCold   . . .        (no shield)
rNeg    . . .        l - +0 ring mail
rPois   .            (helmet unavailable)
rElec   .            z - +1 cloak
rCorr   .            (no gloves)
SInv    +            k - +0 pair of boots
Will    +....        (no amulet)
Stlth   +++          A - ring of willpower
HPRegen 0.31/turn    (no ring)
MPRegen 0.15/turn

%: no passive effects
@: no status effects
A: permanent stasis, dig shafts and tunnels, antennae 3, four strong arms
a: Dig, Shaft Self


You were on level 5 of the Dungeon.
You visited 1 branch of the dungeon, and saw 9 of its levels.

You collected 204 gold pieces.

Inventory:

Hand Weapons
 a - a +0 sling
 b - a +0 spectral quarterstaff (weapon)
 c - a +1 dagger of venom {!f =f}
 p - a +4 flail of draining
 w - a +1 mace of holy wrath
 B - a +0 flail of holy wrath
Missiles
 h - 39 stones
 u - 4 poisoned darts (quivered)
 v - 2 javelins
Armour
 k - a +0 pair of boots (worn)
 l - a +0 ring mail (worn)
 z - a +1 cloak (worn)
 C - a scarf of shadows
Jewellery
 j - the amulet "Haomayph" {Spirit *Slow rN++ Regen+ Int+2}
   (You found it on level 5 of the Dungeon)

   [amulet of guardian spirit]

   Spirit:    It causes incoming damage to be divided between your reserves of
   health and magic.
   Int+2:     It affects your intelligence (+2).
   rN++:      It greatly protects you from negative energy.
   Regen+:    It increases your rate of health regeneration.
   *Slow:     It may slow you when you take damage.
 A - a ring of willpower (left hand)
Wands
 f - a wand of digging (2)
 n - a wand of mindburst (18)
Scrolls
 d - a scroll of revelation
 g - 3 scrolls of enchant armour
 i - a scroll of identify
 o - a scroll of butterflies
 r - a scroll of enchant weapon
 y - 3 scrolls of fog
Potions
 e - a potion of berserk rage {unknown}
 m - 3 potions of enlightenment {unknown}
 q - 3 potions of curing {unknown}
 s - a potion of brilliance {unknown}
 x - a potion of heal wounds {unknown}


   Skills:
 - Level 5.0 Fighting
 - Level 2.0(2.2) Maces & Flails
 + Level 1.2(1.8) Staves
 - Level 3.0 Ranged Weapons
 + Level 1.3 Armour
 + Level 2.3 Dodging
 + Level 6.4 Stealth
 + Level 5.3 Spellcasting
 * Level 3.6 Conjurations
 + Level 1.2 Fire Magic
 + Level 3.2 Air Magic
 * Level 2.1 Earth Magic
 + Level 5.1 Poison Magic
 + Level 1.5 Evocations


You had 2 spell levels left.
You knew the following spells:

 Your Spells              Type           Power      Damage    Failure   Level
a - Poisonous Vapours     Pois/Air       30%        N/A       9%          2
b - Stone Arrow           Conj/Erth      22%        3d8       28%         3
c - Iskenderun's Mystic   Conj/Tloc      8%         2d4       82%         4
m - Mephitic Cloud        Conj/Pois/Air  15%        N/A       19%         3
s - Sticky Flame          Conj/Fire      10%        2d3       75%         4

Your spell library contained the following spells:

 Spells                   Type           Power      Damage    Failure   Level
 Magic Dart               Conj           56%        1d5       7%          1
 Sandblast                Erth           18%        2d7       13%         1
 Kiss of Death            Conj/Necr      32%        2d7       14%         1
 Momentum Strike          Conj/Tloc      16%        3d8       22%         2
 Slow                     Hex            12%        N/A       30%         1
 Passwall                 Tmut/Erth      5%         N/A       30%         2
 Call Imp                 Summ           6%         N/A       43%         2
 Confusing Touch          Hex            3%         N/A       67%         3
 Gell's Gravitas          Tloc           3%         N/A       67%         3
 Sigil of Binding         Hex            3%         N/A       67%         3
 Summon Guardian Golem    Hex/Summ       3%         N/A       67%         3
 Teleport Other           Tloc           3%         N/A       67%         3
 Vampiric Draining        Necr           3%         2d6       67%         3
 Flame Wave               Conj/Fire      10%        2d6       75%         4
 Dispersal                Tloc           1%         N/A       100%        6
 Orb of Destruction       Conj           7%         9d6       100%        7
 Spellforged Servitor     Conj/Summ      4%         N/A       100%        7


Dungeon Overview and Level Annotations

Branches:
Dungeon (9/15)             Temple (0/1) D:6
   Lair: D:8-11         Orc: D:9-12

Altars:
Elyvilon
Kikubaaqudgha
Makhleb

Shops:
D:3 :   D:5 *

Annotations:
D:4 exclusion: downstairs
D:8 exclusion: downstairs


Innate Abilities, Weirdness & Mutations

You cannot be hasted, slowed, berserked, paralysed or teleported.
You can dig through walls and to a lower floor.
You have a pair of large antennae on your head. (SInv)
Your four strong arms can wield two-handed weapons with a shield.


Message History

Press: ? - help, Dir - move target, f/p - troll
Aim: a troll (lightly wounded, poisoned) Poisonous vapours surround the troll!
The troll looks even sicker.
Casting: Poisonous Vapours (safe; 9% risk of failure)
Confirm with . or Enter, or press ? or * to list all spells.
Aiming: Poisonous Vapours (safe; 9% risk of failure)
Press: ? - help, Dir - move target, f/p - troll
Aim: a troll (lightly wounded, very poisoned) Poisonous vapours surround the troll!
The troll looks even sicker.
Casting: Poisonous Vapours (safe; 9% risk of failure)
Confirm with . or Enter, or press ? or * to list all spells.
Aiming: Poisonous Vapours (safe; 9% risk of failure)
Press: ? - help, Dir - move target, f/p - troll
Aim: a troll (lightly wounded, very poisoned) Poisonous vapours surround the troll!
The troll looks as sick as possible!
You feel a bond with your +0 spectral quarterstaff.
b - a +0 spectral quarterstaff (weapon)
You sock the troll!
The troll is moderately wounded.
Your +0 spectral quarterstaff closely misses the troll.
The troll closely misses you. The troll claws you! The troll claws you.
You closely miss the troll.
The troll is heavily wounded.
Your +0 spectral quarterstaff hits the troll!
The troll bites you. The troll closely misses you. The troll claws you!
You barely miss the troll.
The troll is severely wounded.
Your +0 spectral quarterstaff hits the troll.
The troll bites you. The troll claws you. The troll claws you!
The troll bites you!
* * * LOW HITPOINT WARNING * * *
The troll barely misses you. The troll claws you.
* * * LOW HITPOINT WARNING * * *
Your +0 spectral quarterstaff disappears.
The troll attacks as it pursues you! The troll bites you.
* * * LOW HITPOINT WARNING * * *
The troll claws you.
* * * LOW HITPOINT WARNING * * *
The troll claws you!
You die...

.# #.....#..# #.....# # .#
#.....#..# #.....# ##.###
##...#...# ###.....# #....#
##T#....######.......# .....#
#∩#....#.##...#O....# .....#
##.#.....#.O.###..T..# .....#
##...#...##.### #...<.# #....#
#.....#..#..# ###.### #....#
#.....#O#..## #.# #...)#
###.......# #.# .....# ####...##
#.# . .....# #...## #.. ..
...<.#######.#.##### ##. ,o..
###................. ....
......###....#....## #.5...
..###.##..####.##.# #####......
..###..#.## #.##.#####........./
.....#.#.# #.##.#.5...####.####
.........# #...@T.#.######..#
...#.##.######..####..##......#
#..#.##.###....#####..##....†.#
...............# #....##....<.###
.#####....####.###...###........#
.#####......##.##...###..O...##.#
.............................##.#
........##...#.##.#.####.....##.#
.....######..#.##.#.# #...>.##.#
....................# #.....##.##
.....########.......## ########..##
......#######........## #......
......)......#.##..#..#######......
.....#######..# #..##..............
.....# ###.###.####..#####......
###### ####...........>..## #......
########....#.........##..# #######
#....#...####.............########
.......### #÷........##..........


You could see a troll (very poisoned) and a white imp.

Vanquished Creatures
  2 water moccasins
  2 ice beasts
  2 orc warriors
  2 ogres
  3 bullfrogs
  A scorpion (D:5)
  4 orc priests
  6 hounds
  4 iguanas
  Terence (D:2)
  3 orc wizards
  Robin (D:2)
  4 adders
  A river rat (D:4)
  A white imp (D:8)
  2 ufetubi
  2 worms
  2 dart slugs (D:1)
  26 orcs
  14 ball pythons
  6 endoplasms
  A giant cockroach (D:1)
  14 goblins
  11 hobgoblins
  11 jackals
  3 quokkas
  3 bats
  A frilled lizard (D:2)
  12 kobolds
  7 rats
152 creatures vanquished.

Vanquished Creatures (others)
  An orc wizard (D:6)
  A spectral weapon (D:5)
2 creatures vanquished.

Grand Total: 154 creatures vanquished

Notes
Turn   | Place    | Note
-------+----------+-------------------------------------------
     0 | D:5      | petzl the Formicid Delver began the quest for the Orb.
     0 | D:5      | Reached XP level 1. HP: 18/18 MP: 1/1
     6 | D:6      | Noticed an iguana
     6 | D:6      | Noticed an ice beast
    12 | D:5      | Noticed a scorpion
   132 | D:4      | Noticed a hound
   189 | D:3      | Reached skill level 1 in Spellcasting
   190 | D:3      | Reached XP level 2. HP: 13/24 MP: 1/4
   519 | D:2      | Noticed Robin
   547 | D:2      | Reached XP level 3. HP: 28/29 MP: 6/6
   571 | D:2      | You fall into a shaft and drop 1 floor!
  1115 | D:1      | Reached XP level 4. HP: 33/35 MP: 8/8
  1265 | D:1      | Learned a level 3 spell: Mephitic Cloud
  1732 | D:2      | Noticed Terence
  1750 | D:2      | You fall into a shaft and drop 1 floor!
  1750 | D:3      | Found Ehoabb's Vocational Training.
  2167 | D:2      | Killed Robin
  2228 | D:2      | Killed Terence
  2229 | D:2      | Reached skill level 1 in Ranged Weapons
  2229 | D:2      | Reached skill level 1 in Poison Magic
  2229 | D:2      | Reached XP level 5. HP: 25/41 MP: 10/10
  3251 | D:4      | Noticed an ogre
  3323 | D:4      | Reached skill level 1 in Air Magic
  3464 | D:4      | Found an ancient bone altar of Kikubaaqudgha.
  3472 | D:4      | Reached XP level 6. HP: 47/47 MP: 11/11
  3528 | D:4      | Reached skill level 1 in Conjurations
  3908 | D:4      | Found a burning altar of Makhleb.
  4087 | D:5      | Found a white marble altar of Elyvilon.
  4132 | D:5      | Noticed an orc warrior
  4136 | D:5      | You fall into a shaft and drop 3 floors!
  4213 | D:8      | Noticed an orc warrior
  4246 | D:8      | Reached XP level 7. HP: 50/54 MP: 13/13
  4804 | D:6      | Noticed a water moccasin
  4855 | D:6      | Reached XP level 8. HP: 43/61 MP: 14/14
  4883 | D:6      | Found a staircase to the Ecumenical Temple.
  4891 | D:6      | HP: 3/61 [white imp/puff of frost (7)]
  5248 | D:6      | Reached skill level 5 in Fighting
  5373 | D:6      | Reached skill level 5 in Spellcasting
  5499 | D:5      | Identified a scroll of acquirement
  5500 | D:5      | Acquired the Quarto of Turbulent Injury
  5507 | D:5      | Learned a level 2 spell: Poisonous Vapours
  5512 | D:5      | Learned a level 4 spell: Sticky Flame
  5517 | D:5      | Learned a level 4 spell: Iskenderun's Mystic Blast
  5545 | D:5      | Identified the amulet "Haomayph" {Spirit *Slow rN++ Regen+
                  | Int+2}
  5667 | D:4      | Learned a level 3 spell: Stone Arrow
  6038 | D:4      | Reached skill level 1 in Evocations
  6038 | D:4      | Reached XP level 9. HP: 66/68 MP: 16/16
  6054 | D:5      | Reached skill level 1 in Earth Magic
  6144 | D:5      | Reached skill level 1 in Armour
  6144 | D:5      | Reached skill level 5 in Poison Magic
  6243 | D:4      | Reached skill level 1 in Staves
  6315 | D:5      | Found Taizeuh's Neck Hole.
  6320 | D:5      | Noticed a troll
  6446 | D:5      | Reached skill level 1 in Fire Magic
  6583 | D:5      | HP: 3/68 [troll (3)]
  6583 | D:5      | HP: 1/68 [troll (2)]
  6583 | D:5      | Mangled by a troll

Illustrated notes

Levels and vault maps discovered:
D:1:      nicolae_arrival_washed_ashore, layout_basic, serial_forest,
          infiniplex_forest_straight_3, infiniplex_forest_lined_ring,
          infiniplex_forest_end_3, infiniplex_forest_straight_3,
          infiniplex_forest_lined_3_way
D:2:      layout_rooms, grunt_ministairs_14, hangedman_decor_peaks_small,
          uniq_robin, uniq_terence
D:3:      layout_basic, nicolae_shop_vocational
D:4:      layout_basic, mainiacjoe_overflow_chevrons, makhleb_heckhound_becter,
          cheibrodos_sewer_entry_sluice, minmay_distorted
D:5:      layout_rooms, elyvilon_altar_4, nicolae_shop_sticking_my_neck_out
D:6:      layout_loops_ring, marbit_many_paths, minmay_temple_entry_steel_oval
D:7:      layout_loops_corners, mainiacjoe_overflow_paths, nzn_random_ring
D:8:      layout_basic, nicolae_dithmenos_the_darkroom
D:9:      layout_basic, enter_bailey_2

Skill      XL: |  1  2  3  4  5  6  7  8  9 |
---------------+----------------------------+-----
Spellcasting   | 1 2 3 4 5 |  5.3
Ranged Weapons | 1 2 3 |  3.0
Poison Magic   | 1 2 3 4 5 |  5.1
Air Magic      | 1 2 3 |  3.2
Conjurations   | 1 2 3 |  3.6
Fighting       | 4 5 |  5.0
Dodging        | 2 |  2.3
Evocations     | 1 |  1.5
Earth Magic    | 2 |  2.1
Armour         | 1 |  1.3
Staves         | 1 |  1.2
Fire Magic     | 1 |  1.2
Maces & Flails | |  2.0
Stealth        | |  6.4

Action                     |  1- 3 |  4- 6 |  7- 9 || total
---------------------------+-------+-------+-------++-------
  Melee: Mace              |    97 |    79 |       ||   176
         Punch             |     3 |     5 |     6 ||    14
         Dagger            |       |    82 |    48 ||   130
         Flail             |       |    12 |       ||    12
         Quarterstaff      |       |       |   139 ||   139
   Fire: Sling             |       |   112 |    60 ||   172
  Throw: Stone             |     4 |       |       ||     4
         Dart              |       |     5 |     1 ||     6
   Cast: Poisonous Vapours |       |       |    19 ||    19
Ability: Dig               |     2 |     1 |     1 ||     4
         Shaft Self        |     1 |     2 |       ||     3
  Evoke: Wand              |     1 |       |       ||     1
    Use: Scroll            |     1 |       |     7 ||     8
   Stab: Sleeping          |     2 |     1 |     1 ||     4
         Distracted        |       |       |     4 ||     4
 Armour: Leather armour    |    28 |       |       ||    28
         Ring mail         |    47 |   127 |   147 ||   321
  Dodge: Dodged            |    86 |   116 |   126 ||   328

Table legend: (Time is in decaauts)
 A = Elapsed time spent in this place.
 B = Non-inter-level travel time spent in this place.
 C = Inter-level travel time spent in this place.
 D = Time resting spent in this place.
 E = Time spent auto-exploring this place.
 F = Levels seen in this place.
 G = Mean time per level.
                   A        B        C        D        E       F      G
               +--------+--------+--------+--------+--------+-----+--------+
         Total |   6691 |   6134 |    557 |   1430 |   2022 |   9 |  743.4 |
       Dungeon |   6691 |   6134 |    557 |   1430 |   2022 |   9 |  743.4 |
               +--------+--------+--------+--------+--------+-----+--------+

Top non-repeatable levels by time:
     D:4: 1498 daAuts
     D:3: 1305 daAuts
     D:1: 1051 daAuts
     D:2: 886 daAuts
     D:5: 697 daAuts
     D:8: 628 daAuts
     D:6: 589 daAuts
     D:7: 32 daAuts
     D:9: 1 daAuts
